Map: Overgrowth LE (Void)

Players

RainySoul - Winner!

  • Race: Terran Terran
  • League: Diamond
  • Spawn Location: 1:00

OhrlRokK

  • Race: Protoss Protoss
  • League: Diamond
  • Spawn Location: 7:00

VOD

Have the link to the VOD?

Description

Time

  • Played on: Dec. 25, 2016, 12:24 a.m.
  • Length: 19:01
Show
View Real Time Build Order
Export as new Build Order

RainySoul Terran - Winner!

Build Orders: Mech 

Get SALT Encoding   

  12  0:01  SCV  
  13  0:14  SCV  
  13  0:17  Supply Depot  
  14  0:26  SCV  
  15  0:42  Barracks  
  15  0:44  SCV  
  15  0:48  Refinery  
  16  0:56  SCV  
  17  1:08  SCV  
  18  1:22  SCV  
  19  1:32  Barracks Reactor  
  19  1:35  Orbital Command  
  19  1:44  Command Center  
  19  1:53  Supply Depot  
  19  2:03  SCV  
  20  2:10  Marine  
  20  2:11  Marine  
  23  2:15  SCV  
  23  2:18  Factory, Refinery  
  23  2:29  SCV  
  24  2:34  Marine x2  
  26  2:41  SCV  
  26  2:56  Orbital Command  
  26  3:00  Factory  
  26  3:06  Orbital Command  
  26  3:14  Barracks Reactor, SCV  
  26  3:15  Hellion x2  
  31  3:31  Orbital Command  
  31  3:42  Cyclone  
  31  3:47  Command Center, SCV  
  35  3:51  Supply Depot  
  35  3:59  SCV x2  
  37  4:09  Marine  
  38  4:12  SCV  
  39  4:18  Cyclone  
  39  4:20  SCV  
  43  4:25  SCV  
  43  4:27  Marine  
  43  4:30  Cyclone  
  43  4:31  Hellion  
  50  4:33  SCV  
  50  4:38  SCV  
  52  4:41  Supply Depot  
  52  4:45  Armory, SCV  
  53  4:52  SCV  
  54  4:58  SCV  
  55  5:04  Refinery, SCV  
  55  5:05  Orbital Command, Supply Depot  
  56  5:08  Refinery  
  56  5:11  Cyclone x2, SCV  
  63  5:17  SCV  
  64  5:26  Factory  
  64  5:28  SCV  
  65  5:29  Factory, SCV  
  65  5:34  SCV  
  67  5:37  Supply Depot  
  67  5:39  Supply Depot  
  67  5:40  Terran Vehicle Weapons Level 1, SCV  
  67  5:41  SCV  
  69  5:46  SCV  
  68  5:52  Cyclone  
  63  6:03  SCV  
  61  6:13  Cyclone x2  
  61  6:14  Factory Tech Lab x2  
  61  6:15  SCV x3  
  70  6:20  Engineering Bay  
  70  6:22  Supply Depot  
  70  6:24  Supply Depot  
  70  6:27  SCV x2  
  70  6:28  SCV  
  73  6:33  Supply Depot  
  73  6:34  Factory  
  73  6:37  Cyclone  
  73  6:38  Armory  
  76  6:41  Hellion x2  
  80  6:56  Supply Depot  
  80  7:01  Siege Tank  
  83  7:02  Hellion x2  
  83  7:05  Orbital Command  
  83  7:07  Sensor Tower  
  87  7:09  Hellion x2  
  87  7:13  Supply Depot  
  91  7:15  SCV  
  92  7:27  Cyclone  
  92  7:28  Cyclone x2  
  99  7:32  SCV x3  
  99  7:34  Missile Turret  
  99  7:35  Missile Turret  
  99  7:36  Terran Vehicle And Ship Armor Level 1  
  102  7:43  Missile Turret  
  102  7:46  Cyclone  
  102  7:48  Factory Tech Lab  
  101  7:52  SCV x3  
  101  7:54  Refinery  
  101  7:55  Refinery  
  104  7:59  Siege Tank  
  104  8:04  SCV  
  108  8:14  Siege Tank, Missile Turret  
  108  8:17  Hellion x4  
  119  8:20  SCV x3  
  122  8:31  Hellion, Siege Tank  
  122  8:32  SCV  
  128  8:38  Hellion  
  128  8:40  Siege Tank  
  133  8:43  SCV x2  
  133  8:44  Command Center, SCV  
  133  8:46  Siege Tank  
  139  8:54  Supply Depot  
  139  8:55  SCV, Supply Depot x2  
  139  9:05  Siege Tank  
  140  9:15  Siege Tank  
  143  9:18  Hellion x3, Siege Tank, SCV x3  
  155  9:28  Supply Depot  
  155  9:29  Supply Depot x2  
  155  9:33  Terran Vehicle Weapons Level 2  
  155  9:38  Siege Tank  
  158  9:41  Terran Vehicle And Ship Armor Level 2  
  158  9:42  Command Center  
  158  9:47  Siege Tank  
  148  10:02  Cyclone x3, Hellion  
  137  10:08  Hellion  
  137  10:12  Hellion  
  114  10:20  Hellion  
  110  10:22  Infernal Pre-Igniter  
  110  10:24  Hellion  
  109  10:30  Hellion  
  109  10:33  Hellion  
  109  10:34  Cyclone x3, SCV  
  123  10:41  Hellion  
  124  10:45  Cyclone  
  124  10:48  Factory  
  127  10:51  Cyclone  
  127  10:54  Hellion  
  127  10:56  Planetary Fortress  
  132  11:03  Hellion  
  134  11:06  Hellion  
  134  11:09  SCV x2  
  138  11:16  Siege Tank  
  141  11:20  Command Center, Missile Turret  
  141  11:21  Refinery  
  141  11:23  Refinery, Missile Turret  
  141  11:25  Cyclone x2, Hellion x3  
  153  11:35  SCV x3  
  155  11:48  Siege Tank  
  155  11:49  Command Center  
  155  11:51  Cyclone x2  
  156  11:56  Hellion x2  
  156  11:57  Siege Tank  
  161  12:15  Thor  
  167  12:25  Hellion x3  
  167  12:26  Hellion x2  
  167  12:27  Factory Tech Lab  
  177  12:31  Factory  
  162  12:57  Cyclone, Hellion x3, Siege Tank x2  
  162  12:58  Cyclone x2  
  140  13:18  Cyclone  
  140  13:19  Hellion x2  
  135  13:29  Hellion x2, Orbital Command  
  135  13:30  Hellion x2  
  143  13:36  Terran Vehicle And Ship Armor Level 3  
  143  13:41  Cyclone x3  
  152  13:50  Hellion  
  152  13:51  Hellion x2  
  158  13:58  Cyclone x2  
  164  14:03  SCV  
  165  14:11  Cyclone  
  168  14:21  Missile Turret  
  155  14:46  Planetary Fortress  
  155  15:13  Terran Vehicle Weapons Level 3  
  155  15:15  SCV x4  
  159  15:22  SCV  
  159  15:27  SCV x4  
  158  15:35  Starport  
  150  15:43  Missile Turret  
  150  15:44  Refinery  
  150  15:49  Refinery  
  150  15:50  Missile Turret  
  142  16:05  Thor x2  
  131  16:15  Factory Tech Lab  
  109  16:22  Thor x2  
  115  16:30  Starport Reactor  
  111  16:37  Starport  
  111  16:48  Terran Ship Weapons Level 1  
  111  16:50  Thor x2  
  103  17:26  Starport  
  103  17:28  Starport  
  103  17:29  Starport x2  
  97  17:37  Viking x2  
  97  17:38  Starport Reactor  
  97  17:42  Command Center  
  89  17:47  Supply Depot  
  89  17:48  Supply Depot  
  89  17:55  Missile Turret x2  
  89  17:56  Missile Turret x2  
  93  18:14  Starport Tech Lab x2  
  93  18:15  Starport Tech Lab  
  93  18:16  Starport Reactor  
  93  18:28  Missile Turret  
  93  18:29  Missile Turret  
  93  18:30  Missile Turret  
  93  18:31  Missile Turret  
  95  18:46  Missile Turret  
Show
View Real Time Build Order
Export as new Build Order

OhrlRokK Protoss 

Build Orders: 1 Gate Expand, Blink Stalkers 

Get SALT Encoding   

  12  0:01  Probe (Chrono Boost)  
  13  0:11  Probe (Chrono Boost)  
  14  0:18  Pylon  
  14  0:23  Probe (Chrono Boost)  
  15  0:37  Gateway  
  15  0:38  Probe (Chrono Boost)  
  16  0:49  Assimilator, Probe (Chrono Boost)  
  17  0:59  Probe (Chrono Boost)  
  18  1:14  Probe (Chrono Boost)  
  19  1:21  Nexus  
  19  1:26  Probe (Chrono Boost)  
  20  1:34  Cybernetics Core  
  20  1:40  Assimilator  
  20  1:44  Probe (Chrono Boost)  
  21  1:52  Pylon  
  21  1:54  Probe (Chrono Boost)  
  22  2:10  Stalker  
  22  2:12  Warp Gate  
  24  2:26  Mothership Core (Chrono Boost)  
  26  2:33  Probe (Chrono Boost)  
  27  2:43  Probe (Chrono Boost)  
  28  2:45  Probe (Chrono Boost)  
  29  2:54  Probe (Chrono Boost)  
  29  2:55  Probe (Chrono Boost)  
  31  3:01  Pylon  
  31  3:03  Robotics Facility  
  31  3:04  Probe (Chrono Boost)  
  31  3:05  Stalker  
  34  3:06  Probe (Chrono Boost)  
  35  3:15  Probe (Chrono Boost)  
  35  3:16  Probe (Chrono Boost)  
  35  3:19  Twilight Council  
  37  3:25  Probe (Chrono Boost)  
  38  3:40  Probe (Chrono Boost)  
  38  3:41  Blink  
  39  3:42  Probe (Chrono Boost)  
  40  3:52  Observer  
  41  4:01  Probe (Chrono Boost)  
  42  4:05  Assimilator  
  42  4:06  Probe (Chrono Boost)  
  42  4:08  Assimilator  
  43  4:12  Nexus  
  43  4:13  Gateway  
  43  4:14  Gateway  
  43  4:15  Probe (Chrono Boost)  
  44  4:17  Pylon, Probe (Chrono Boost)  
  44  4:23  Sentry  
  47  4:27  Probe (Chrono Boost)  
  47  4:28  Probe (Chrono Boost)  
  50  4:38  Probe (Chrono Boost)  
  50  4:39  Probe (Chrono Boost)  
  50  4:43  Immortal  
  55  4:49  Probe (Chrono Boost)  
  55  4:50  Pylon  
  55  4:51  Probe (Chrono Boost)  
  57  4:58  Forge  
  57  4:59  Probe (Chrono Boost)  
  58  5:04  Stalker  
  60  5:09  Probe (Chrono Boost)  
  61  5:23  Probe (Chrono Boost)  
  61  5:24  Immortal  
  66  5:31  Stalker x3  
  72  5:38  Probe (Chrono Boost)  
  72  5:39  Probe (Chrono Boost)  
  73  5:50  Pylon  
  73  5:51  Probe (Chrono Boost)  
  73  5:52  Pylon  
  71  6:04  Charge  
  71  6:07  Probe (Chrono Boost)  
  71  6:10  Probe (Chrono Boost)  
  73  6:12  Probe (Chrono Boost)  
  73  6:13  Stalker x3  
  73  6:18  Protoss Ground Weapons Level 1  
  81  6:19  Probe (Chrono Boost)  
  81  6:21  Gateway  
  81  6:24  Gateway  
  81  6:27  Gateway, Probe (Chrono Boost)  
  81  6:28  Probe (Chrono Boost)  
  81  6:29  Gateway  
  83  6:37  Sentry x2, Gateway  
  83  6:39  Pylon  
  87  6:48  Pylon, Probe x2 (Chrono Boost)  
  87  6:50  Probe (Chrono Boost)  
  90  6:57  Robotics Facility  
  91  7:01  Pylon  
  91  7:02  Probe (Chrono Boost), Stalker x3  
  91  7:04  Probe (Chrono Boost)  
  98  7:09  Assimilator  
  98  7:12  Assimilator  
  98  7:36  Probe (Chrono Boost)  
  99  7:43  Adept  
  100  7:44  Adept  
  100  7:45  Adept  
  100  7:47  Stalker x4  
  111  8:02  Immortal x2, Probe (Chrono Boost)  
  111  8:03  Probe (Chrono Boost)  
  120  8:20  Nexus  
  120  8:23  Adept  
  120  8:24  Zealot  
  122  8:56  Pylon  
  122  8:57  Pylon  
  122  8:59  Pylon  
  122  9:03  Assimilator  
  122  9:08  Assimilator  
  122  9:10  Pylon  
  122  9:14  Immortal x2  
  122  9:17  Probe (Chrono Boost)  
  131  9:20  Zealot x8  
  145  9:25  Protoss Ground Armor Level 1  
  145  9:30  Dark Shrine  
  145  9:34  Forge  
  145  9:36  Probe (Chrono Boost)  
  146  9:46  Photon Cannon  
  146  9:47  Photon Cannon  
  146  9:49  Photon Cannon  
  146  9:50  Photon Cannon x2  
  146  9:52  Photon Cannon  
  136  9:54  Photon Cannon, Zealot x6  
  136  9:55  Zealot x2  
  109  10:21  Probe (Chrono Boost)  
  109  10:22  Immortal x2  
  109  10:28  Zealot x8  
  129  10:44  Probe (Chrono Boost)  
  129  10:47  Probe (Chrono Boost)  
  129  10:48  Probe (Chrono Boost)  
  132  10:52  Stalker x6  
  132  10:56  Protoss Ground Weapons Level 2  
  144  10:57  Phoenix  
  144  11:00  Warp Prism, Templar Archives  
  144  11:01  Immortal  
  144  12:01  Dark Templar x3  
  142  12:02  Dark Templar x2  
  150  12:11  Immortal x2  
  158  12:41  Zealot x3  
  154  12:51  Dark Templar x8  
  74  13:25  Dark Templar x3  
  74  13:28  Dark Templar x2  
  74  13:29  Zealot x3  
  84  13:43  Immortal  
  92  13:49  Stargate  
  92  13:51  Stargate  
  92  13:52  Stargate  
  92  13:54  Probe (Chrono Boost)  
  94  13:56  Probe (Chrono Boost)  
  94  14:02  Stargate  
  82  14:17  Dark Templar x2  
  82  14:18  Dark Templar x2  
  82  14:19  Dark Templar x3  
  82  14:20  Dark Templar x2  
  76  14:30  Immortal  
  59  14:35  Void Ray  
  59  14:36  Void Ray x2  
  59  15:04  Void Ray  
  61  15:10  Immortal  
  52  15:16  Dark Templar  
  52  15:17  Dark Templar  
  52  15:18  Dark Templar x3, Void Ray  
  52  15:19  Dark Templar  
  62  15:33  Pylon  
  62  15:34  Pylon  
  62  15:51  Void Ray x2  
  65  16:03  Void Ray  
  36  16:19  High Templar x2  
  36  16:23  Archon  
  40  16:45  Probe (Chrono Boost)  
Tags
 
Add a new tag
Caveats
  • Supply blocks, unpowered buildings, or Contaminate may cause inaccurate times.
  • Supply counts are checked every 10 seconds.